[Event "Early-Titled-Tuesday-Blitz-June-18-2024"]
[Site "Chess.com"]
[Date "2024.06.18"]
[Round "10"]
[White "whiteglovethief"]
[Black "Crazy_girl99"]
[Result "1/2-1/2"]
[WhiteElo "2549"]
[BlackElo "2608"]
[TimeControl "180+1"]
[EndTime "9:57:20 PDT"]
[Termination "Game drawn by stalemate"]

1. d4 Nf6 2. c4 e6 3. Nf3 d5 4. g3 Bb4+ 5. Nbd2 dxc4 6. Bg2 O-O 7.
O-O b5 8. a4 c6 9. Qc2 Bb7 10. b3 cxb3 11. Nxb3 a5 12. Rd1 Nbd7 13. Bf4 Nd5 14. Ne5 Nxf4 15. gxf4 Nxe5 16. dxe5 Qb6 17. Rd7 Rad8 18. Rxb7 Qxb7 19. Bxc6 Qa7 20. axb5 a4 21. Qc4 Be1 22. e3 Qe7 23. Rxe1 axb3 24. Qxb3 Rb8 25. Rd1 Qh4 26. Rd7 g5 27. Qc4 Kh8 28. Qd4 Rg8 29. fxg5 Rxg5+ 30. Kf1 Qh3+ 31. Ke2 Rf5 32. b6 Qxh2 33. e4 Qh5+ 34. Kd2 Qg5+ 35. Kc2 Rxe5 36. b7 Qf6 37. Rxf7 Rc5+ 38. Qxc5 Qxf7 39. Qe5+ Kg8 40. Qxb8+ Kg7 41. Qe5+ Kg6 42. Qg3+ Kh6 43. b8=Q e5 44. Qbxe5 Qa2+ 45. Kd1 Qd2+ 46. Kxd2 1/2-1/2

[Event "Early-Titled-Tuesday-Blitz-June-18-2024"]
[Site "Chess.com"]
[Date "2024.06.18"]
[Round "10"]
[White "rookpower2004"]
[Black "BirdMaster3000"]
[Result "0-1"]
[WhiteElo "2502"]
[BlackElo "2784"]
[TimeControl "180+1"]
[EndTime "9:57:21 PDT"]
[Termination "BirdMaster3000 won by resignation"]

1. e4 c5 2. Nf3 e6 3. d3 Nc6 4. Nbd2 d5 5. g3 Nf6 6. Bg2 Be7 7. O-O Qc7 8. Re1 h6 9. c3 b6 10. d4 cxd4 11. Nxd4 Nxd4 12. cxd4 O-O 13. e5 Nd7 14. Nf1 Ba6 15. Bf4 Rfc8 16. Qg4 Kf8 17. Rac1 Qb7 18. h4 Rxc1 19. Rxc1 Rc8 20. Qd1 Nb8 21. Rxc8+ Qxc8 22. Ne3 Nc6 23. Ng4 Nb4 24. Nxh6 gxh6 25. Bxh6+ Ke8 26. Qg4 Kd7 27. Bg5 Qg8 28. f4 Bxg5 29. fxg5 Qh7 30. h5 Qb1+ 31. Kh2 Bd3 32. Qf4 Bf5 33. g4 Nd3 34.
Qf3 Ne1 35. Qf1 Nxg2 36. Qxg2 Be4 37. Qf2 Ke8 38. h6 Qc2 39. Kg3 Qxf2+ 40. Kxf2 Bg6 41.
Ke3 Kd7 42. Kd2 Kc6 43. Kc3 Kb5 44. a3 Ka4 45. Kd2 Kb3 46. Kc1 b5 0-1

[Event "Early-Titled-Tuesday-Blitz-June-18-2024"]
[Site "Chess.com"]
[Date "2024.06.18"]
[Round "10"]
[White "Cmorales2001"]
[Black "amylazy"]
[Result "1-0"]
[WhiteElo "2345"]
[BlackElo "2456"]
[TimeControl "180+1"]
[EndTime "9:57:22 PDT"]
[Termination "Cmorales2001 won on time"]

1. c4 Nf6 2. Nf3 g6 3. g3 Bg7 4. Bg2 O-O 5. O-O d5 6. cxd5 Nxd5 7. Nc3 Nb6 8. d3 Nc6 9. Be3 Bf5 10. Rc1 Qd7 11.
Re1 Rad8 12. Qd2 Rfe8 13. Bh6 Bh8 14. Bg5 Be6 15. b3 Bd5 16. Nxd5 Nxd5 17. Rc4 Nb6 18. Rcc1 Qf5 19. Be3 Nd5 20. Bc5 Qd7 21. Red1 Bf6 22.
Ba3 a5 23. Bb2 Ndb4 24. Bxf6 exf6 25. a3 Nd5 26. Qb2 Qe7 27. Rc2 Nb6 28. Rdc1 Nd7 29. Bf1 Nde5 30. Nd2 Rd7 31. Nc4 Nd4 32. Rd2 b6 33. Nxe5 Qxe5 34. Rc4 c5 35. b4 axb4 36. axb4 Qd6 37. bxc5 bxc5 38. Qc3 Rc7 39. Qb2 Ne6 40. Rdc2 Nd4 41. Rc1 1-0

[Event "Early-Titled-Tuesday-Blitz-June-18-2024"]
[Site "Chess.com"]
[Date "2024.06.18"]
[Round "10"]
[White "bascheyaro"]
[Black "rasmussvane"]
[Result "0-1"]
[WhiteElo "2833"]
[BlackElo "2978"]
[TimeControl "180+1"]
[EndTime "9:57:23 PDT"]
[Termination "rasmussvane won on time"]

1. d4 d5 2. c4 e6 3. Nc3 a6 4. cxd5 exd5 5. Bf4 Nf6 6. e3 Bd6 7. Bxd6 Qxd6 8. Bd3 O-O 9. h3 Be6 10.
Nf3 Nbd7 11. Rc1 c6 12. O-O g6 13. Qd2 Qe7 14. b4 Ne8 15. a4 Nd6 16. b5 cxb5 17. axb5 a5 18. Na4 Rfc8 19. Rxc8+ Nxc8 20. Rc1 Ncb6 21. Nc5 Nxc5 22. dxc5 Nc4 23. Bxc4 dxc4 24. c6 bxc6 25.
bxc6 Qc5 26. e4 Qxc6 27. Qh6 f6 28. e5 Bd5 29. exf6 Qxf6 30. Ng5 Qg7 31. Qh4 a4 32.
Qf4 a3 33. Qd6 Qb7 34. Ra1 a2 35. Kh2 Bf7 36. Qd2 Qd5 37. Qf4 c3 0-1

[Event "Early-Titled-Tuesday-Blitz-June-18-2024"]
[Site "Chess.com"]
[Date "2024.06.18"]
[Round "10"]
[White "CSB7"]
[Black "GOGIEFF"]
[Result "1/2-1/2"]
[WhiteElo "2766"]
[BlackElo "2994"]
[TimeControl "180+1"]
[EndTime "9:57:25 PDT"]
[Termination "Game drawn by repetition"]

1. d4 Nf6 2. c4 e6 3. Nf3 d5 4. Nc3 c6 5. Bg5 h6 6. Bh4 dxc4 7. e4 g5 8. Bg3 b5 9. Be2 Bb7 10. Qc2 Nbd7 11. Rd1 Nh5 12. d5 Nxg3 13. hxg3 Qf6 14. dxc6 Bxc6 15. O-O Bc5 16. a4 a6 17. axb5 axb5 18. e5 Qf5 19. Qxf5 exf5 20. Nd4 Bxd4 21.
Rxd4 Nxe5 22. Nxb5 Bxb5 23. Rd5 f6 24. Rxb5 f4 25.
Rc1 fxg3 26. fxg3 Rc8 27. Bxc4 Nxc4 28. Rxc4 Rxc4 29. Rb8+ Kf7 30. Rxh8 Kg6 31. Rb8 h5 32. b4 Kf5 33. b5 Kg4 34. Kh2 Rb4 35. b6 Rb3 36. b7 f5 37. Rc8 Rxb7 38. Rc4+ f4 39. gxf4 gxf4 40. Rc3 Rb2 41. Ra3 Re2 42. Rc3 h4 43.
Ra3 Re3 44. Ra2 h3 45. gxh3+ Rxh3+ 46. Kg2 Rg3+ 47. Kf2 Rb3 48. Rc2 Rh3 49. Kg2 f3+ 50.
Kg1 Kg3 51. Rg2+ Kf4 52. Ra2 Rh8 53. Ra4+ Kg3 54. Ra2 Rb8 55. Rg2+ Kf4 56. Rg7 Rb1+ 57. Kf2 Rb2+ 58. Kf1 Rb1+ 59. Kf2 Rb2+ 60. Kf1 Rb1+ 61.
Kf2 1/2-1/2

[Event "Early-Titled-Tuesday-Blitz-June-18-2024"]
[Site "Chess.com"]
[Date "2024.06.18"]
[Round "10"]
[White "BM223344"]
[Black "NikitaShnadrygin"]
[Result "0-1"]
[WhiteElo "2571"]
[BlackElo "2744"]
[TimeControl "180+1"]
[EndTime "9:57:26 PDT"]
[Termination "NikitaShnadrygin won by checkmate"]

1. d4 d5 2. c4 Nc6 3. Nf3 Bg4 4. e3 e5 5. cxd5 Qxd5 6. Nc3 Bb4 7. Be2 exd4 8. exd4 Bxf3 9. Bxf3 Qc4 10. Bxc6+ bxc6 11. Qe2+ Qxe2+ 12. Kxe2 Nf6 13. Kd3 Kd7 14. f3 Nd5 15. Bd2 Bxc3 16. bxc3 Rhe8 17. Rab1 Rab8 18. c4 Ne7 19.
Bb4 Nf5 20. Bc5 Re3+ 21. Kd2 Rbe8 22. Rhe1 a6 23. a4 Rxe1 24. Rxe1 Rxe1 25. Kxe1 Ne3 26. Kf2 Nxc4 27. Kg3 a5 28. Bf8 g6 29. h4 Nb6 30.
Bh6 Ke6 31. Bd2 Nc4 32. Bc3 Kf5 33. Kf2 h5 34. g3 Ke6 35. Ke2 Kd5 36. Kd3 c5 37. dxc5 Kxc5 38. g4 Kd5 39. g5 c5 40.
f4 Nb6 41. Bxa5 Nxa4 42. Bc3 c4+ 43. Kc2 Nxc3 44. Kxc3 Ke4 45. f5 Kf4 46. fxg6 fxg6 47. Kxc4 Kg4 48. Kd3 Kxh4 49. Ke4 Kxg5 50. Kf3 h4 51.
Kg2 Kh5 52. Kh3 g5 53. Kg2 g4 54. Kf2 Kg5 55. Ke3 h3 56. Kf2 Kf4 57. Kg1 g3 58.
Kh1 Kf3 59. Kg1 Ke2 60. Kh1 g2+ 61. Kg1 Kf3 62. Kh2 Kf2 63. Kxh3 g1=Q 64. Kh4 Kf3 65. Kh3 Qh1# 0-1

[Event "Early-Titled-Tuesday-Blitz-June-18-2024"]
[Site "Chess.com"]
[Date "2024.06.18"]
[Round "10"]
[White "Jeppesen08"]
[Black "Resignify"]
[Result "1-0"]
[WhiteElo "2434"]
[BlackElo "2297"]
[TimeControl "180+1"]
[EndTime "9:57:26 PDT"]
[Termination "Jeppesen08 won on time"]

1. e4 d6 2. d4 Nf6 3. Nc3 g6 4.
Be3 c6 5. f3 b5 6. a3 Nbd7 7.
Qd2 Nb6 8. d5 cxd5 9. Bxb5+ Bd7 10. Bxd7+ Qxd7 11. exd5 Nc4 12. Qc1 Nxe3 13. Qxe3 Bg7 14.
Nge2 Qb7 15. O-O-O O-O 16. h4 h5 17. Rhg1 Rab8 18.
b3 Rfc8 19. Kb1 a5 20. g4 a4 21. Nxa4 Nxd5 22. Qe4 Nf6 23. Qxb7 Rxb7 24. Nec3 hxg4 25. fxg4 Nd7 26. Nd5 Ne5 27. h5 e6 28. Ne3 d5 29. hxg6 Nxg6 30. g5 Ra8 31. Nc5 Rxa3 32. c3 Rc7 33. Kb2 Raa7 34. b4 Ra8 35. Ra1 Rb8 36.
Kc2 Rbc8 37. Ng4 Ne5 38. Nf6+ Bxf6 39. gxf6+ Kf8 40. Rh1 Ng6 41. Rag1 Kg8 42. Rh6 d4 43. c4 e5 44. Kd3 Rd8 45. Ne6 fxe6 46. Rgxg6+ Kf8 47. Rh8+ Kf7 48. Rg7+ Kxf6 49. Rxd8 Rxg7 50. c5 Rg3+ 51. Kc4 Rc3+ 52. Kb5 d3 53. c6 e4 54. Kb6 1-0

[Event "Early-Titled-Tuesday-Blitz-June-18-2024"]
[Site "Chess.com"]
[Date "2024.06.18"]
[Round "10"]
[White "yaguigor"]
[Black "JosefineHeinemann"]
[Result "1-0"]
[WhiteElo "2637"]
[BlackElo "2478"]
[TimeControl "180+1"]
[EndTime "9:57:27 PDT"]
[Termination "yaguigor won on time"]

1. Nf3 d5 2. c4 e6 3. d4 Nf6 4.
Nc3 c5 5. cxd5 cxd4 6. Qa4+ Bd7 7.
Qxd4 exd5 8. Nxd5 Qa5+ 9. Nc3 Nc6 10. Qe3+ Be7 11. Bd2 O-O 12. Rc1 Rfe8 13. Qg5 Qb6 14. Qb5 Qc7 15. e3 Rac8 16. Qb3 Be6 17. Qa4 Rcd8 18.
Bb5 a6 19. Bxc6 bxc6 20. Nd4 Bd7 21. Qxa6 Ra8 22. Qe2 Qb7 23. Nb3 c5 24. O-O Be6 25. Qf3 Qb6 26. Ne4 Nxe4 27. Qxe4 Bxb3 28. axb3 Qxb3 29.
Qc2 Qb5 30. Bc3 Rab8 31. Rfd1 Red8 32. h3 h6 33. Qf5 Rxd1+ 34. Rxd1 Qb3 35. Rd7 Bf8 36. Qe5 1-0

[Event "Early-Titled-Tuesday-Blitz-June-18-2024"]
[Site "Chess.com"]
[Date "2024.06.18"]
[Round "10"]
[White "andrzej"]
[Black "NM_Antelacus"]
[Result "1-0"]
[WhiteElo "2460"]
[BlackElo "2302"]
[TimeControl "180+1"]
[EndTime "9:57:27 PDT"]
[Termination "andrzej won by checkmate"]

1. e4 c5 2. Nf3 d6 3. d4 cxd4 4. Nxd4 Nf6 5. Nc3 a6 6. Be2 e5 7. Nb3 Be6 8. O-O Be7 9. f4 Qc7 10. f5 Bc4 11. Bg5 Nbd7 12. Bxc4 Qxc4 13. Qf3 b5 14. a3 Rc8 15. Kh1 O-O 16. Rad1 Qc6 17.
Rf2 Qb7 18. Bxf6 Nxf6 19. Nd5 Nxd5 20. exd5 Qb6 21. c3 Rc4 22. Qe2 Bg5 23. Nd2 Bxd2 24. Qxd2 f6 25. Re2 Rfc8 26. Qd3 a5 27. Ra1 b4 28. axb4 axb4 29. cxb4 Qxb4 30. h3 Rd4 31.
Qg3 Qb6 32. Re3 Rxd5 33. Rb3 Qc7 34. Rc3 Rc5 35. Rac1 Qd7 36. Rxc5 dxc5 37. Qf3 Qd4 38. Rd1 Qxb2 39. Qd5+ Kf8 40. Qd6+ Ke8 41. Qd7+ Kf8 42. Qxc8+ Kf7 43. Qe6+ Kf8 44. Rd8# 1-0

[Event "Early-Titled-Tuesday-Blitz-June-18-2024"]
[Site "Chess.com"]
[Date "2024.06.18"]
[Round "10"]
[White "superchess02"]
[Black "GM_dmitrij"]
[Result "0-1"]
[WhiteElo "2917"]
[BlackElo "3053"]
[TimeControl "180+1"]
[EndTime "9:57:28 PDT"]
[Termination "GM_dmitrij won on time"]

1. b3 e5 2. Bb2 Nc6 3. g3 d5 4. Bg2 f5 5. c4 d4 6. d3 Nf6 7. Nd2 Bc5 8. a3 a5 9. b4 axb4 10. Bxc6+ bxc6 11. axb4 Rxa1 12. Qxa1 Bxb4 13. Qa4 Bxd2+ 14.
Kxd2 O-O 15. Nf3 e4 16. Nxd4 exd3 17. exd3 c5 18. Nc6 Qd7 19. Re1 Ne4+ 20. Kc2 Bb7 21.
dxe4 Bxc6 22. Qa3 fxe4 23. Qxc5 Qd3+ 24. Kc1 Rd8 25. Qg5 Qxc4+ 26. Kb1 Qd3+ 27. Kc1 Rd7 28. Qe3 Bb5 29. Qxd3 Bxd3 30. Kd2 c5 31. Ra1 h6 32. Ke3 c4 33. Bc3 Rf7 34. Bd4 Rd7 0-1

[Event "Early-Titled-Tuesday-Blitz-June-18-2024"]
[Site "Chess.com"]
[Date "2024.06.18"]
[Round "10"]
[White "Schattman"]
[Black "Iskusnyh"]
[Result "0-1"]
[WhiteElo "2500"]
[BlackElo "2644"]
[TimeControl "180+1"]
[EndTime "9:57:28 PDT"]
[Termination "Iskusnyh won on time"]

1. Nf3 d5 2. b3 Bf5 3. Bb2 e6 4. g3 Nf6 5. Bg2 Be7 6. d3 h6 7. O-O O-O 8. Ne5 Nbd7 9. Nd2 Nxe5 10. Bxe5 c6 11. e4 Bh7 12. Qe2 a5 13. a3 Re8 14.
Kh1 a4 15. b4 c5 16. b5 Qd7 17. Rab1 Rad8 18. b6 dxe4 19. Nxe4 Nxe4 20. Bxe4 Bxe4+ 21. Qxe4 Qd5 22. Qxd5 Rxd5 23. Bc3 Rc8 24. Rb5 c4 25. Rxd5 exd5 26. d4 Rc6 27. Rb1 Bxa3 28. Ra1 Be7 29.
Rxa4 Rxb6 30. Ra5 Rb1+ 31. Kg2 Rc1 32. Rxd5 Rxc2 33. Be1 Rb2 34. Rd7 Bf6 35. d5 b5 36. d6 Rb1 37. Ba5 Rd1 0-1

[Event "Early-Titled-Tuesday-Blitz-June-18-2024"]
[Site "Chess.com"]
[Date "2024.06.18"]
[Round "10"]
[White "DinaBelenkaya"]
[Black "Gryffindorac8"]
[Result "0-1"]
[WhiteElo "2346"]
[BlackElo "2488"]
[TimeControl "180+1"]
[EndTime "9:57:28 PDT"]
[Termination "Gryffindorac8 won by checkmate"]

1. e4 c5 2. Nf3 d6 3. d3 Nf6 4. g3 g6 5. Bg2 Bg7 6. O-O O-O 7. Nc3 Nc6 8. Be3 Bg4 9. h3 Bxf3 10. Bxf3 Nd7 11. Bg2 Nd4 12. Qd2 Rb8 13. f4 b5 14.
f5 b4 15. Nd5 Nf6 16. c3 Nxd5 17. exd5 bxc3 18. bxc3 Nxf5 19. Bf4 Qa5 20. Rac1 Qa3 21. Rc2 Be5 22. Bxe5 dxe5 23. Rxf5 gxf5 24. Qg5+ Kh8 25. Qxf5 f6 26. Be4 Rf7 27. Kh2 Qa4 28. Rf2 c4 29.
Qe6 Rbf8 30. d6 exd6 31. dxc4 Qd7 32. Qd5 f5 33. Bc2 f4 34. gxf4 Rxf4 35. Rg2 Rf2 36. Qd3 Rxg2+ 37. Kxg2 Qg7+ 38. Kh1 Rf2 39. Qe4 Rf1+ 40.
Kh2 Qg1# 0-1

[Event "Early-Titled-Tuesday-Blitz-June-18-2024"]
[Site "Chess.com"]
[Date "2024.06.18"]
[Round "10"]
[White "salomez"]
[Black "Zq1"]
[Result "1/2-1/2"]
[WhiteElo "2369"]
[BlackElo "2497"]
[TimeControl "180+1"]
[EndTime "9:57:30 PDT"]
[Termination "Game drawn by agreement"]

1. e4 c5 2. Nf3 d6 3. d4 cxd4 4. Nxd4 Nf6 5. Nc3 Nc6 6. Bc4 Bd7 7. Bg5 e6 8. Qd2 a6 9. Nxc6 bxc6 10. O-O-O Be7 11. e5 Nd5 12. Bxe7 Qxe7 13. exd6 Qxd6 14. Ne4 Qe7 15. Bb3 f5 16. Ng5 h6 17. Nf3 O-O 18.
Ne5 Rfc8 19. Nxd7 Qxd7 20. c4 a5 21. cxd5 cxd5+ 22. Kb1 a4 23. Bc2 a3 24. Bb3 Rc5 25.
Rhe1 Kh8 26. bxa3 Rb5 27. Qb2 Qd6 28. a4 Rb4 29. Rc1 Raxa4 30. Rc8+ Kh7 31. g4 Rxg4 32. Bxa4 Rxa4 33. Ka1 Rb4 34. Qc3 d4 35. Qc7 Qd5 36. Rb8 Rc4 37. Rb7 Rxc7 38. Rxc7 d3 1/2-1/2

[Event "Early-Titled-Tuesday-Blitz-June-18-2024"]
[Site "Chess.com"]
[Date "2024.06.18"]
[Round "10"]
[White "Mysterio47"]
[Black "Fandorine"]
[Result "1-0"]
[WhiteElo "2850"]
[BlackElo "2937"]
[TimeControl "180+1"]
[EndTime "9:57:31 PDT"]
[Termination "Mysterio47 won by resignation"]

1. e4 c5 2. Nf3 Nc6 3. d4 cxd4 4.
Nxd4 e6 5. Nc3 Qc7 6. Be3 a6 7. Qf3 h5 8. Nxc6 bxc6 9. Bd3 Nf6 10. h3 Rb8 11. Rb1 Be7 12. Bf4 e5 13. Bg5 a5 14.
O-O d6 15. Bc4 h4 16. Rfd1 Be6 17. Qd3 Nh5 18. Be3 O-O 19. Ne2 Qc8 20. Bd2 d5 21. exd5 e4 22. Qxe4 cxd5 23. Qf3 Qxc4 24. Qxh5 Qxa2 25.
Bc3 Qc4 26. Nd4 Bf6 27. Rd3 a4 28. Rbd1 Rbe8 29. Nf3 Bxc3 30. Rxc3 Qb5 31. Rd4 f6 32. Rxh4 Qxb2 33. Rc7 Qc1+ 34. Kh2 Qh6 35. Qxh6 gxh6 36.
Rxa4 Rc8 37. Raa7 Rxc7 38. Rxc7 Rb8 39. Nd4 Rb6 40. Kg3 Bf7 41. Nf5 Kf8 42. Nxh6 Bg6 43. Ng4 d4 44. Rd7 Rb4 45. Nxf6 Bxc2 46. h4 Bf5 47.
Rd5 Be6 48. Re5 Kf7 49. Ne4 Ba2 50. Ra5 Bb1 51. Ng5+ Kg7 52. Nf3 d3 53. Rd5 Rb3 54. Nd2 1-0

[Event "Early-Titled-Tuesday-Blitz-June-18-2024"]
[Site "Chess.com"]
[Date "2024.06.18"]
[Round "10"]
[White "JAN2404"]
[Black "Matols"]
[Result "1-0"]
[WhiteElo "2072"]
[BlackElo "2342"]
[TimeControl "180+1"]
[EndTime "9:57:32 PDT"]
[Termination "JAN2404 won by resignation"]

1. e4 c6 2. d4 d5 3. e5 c5 4. c3 Nc6 5. Nf3 Bg4 6. Be3 e6 7. Be2 cxd4 8. cxd4 Nge7 9. O-O Nf5 10. Nc3 Be7 11. a3 Rc8 12. Rc1 O-O 13. h3 Bxf3 14. Bxf3 Nxe5 15. dxe5 d4 16. Bxb7 Rb8 17. Be4 Nxe3 18.
fxe3 dxc3 19. b4 Qc7 20. Qd3 Qxe5 21. Rxc3 f5 22. Bf3 Rfd8 23. Qc2 Bd6 24. g4 g6 25. Rd1 f4 26. e4 Be7 27. Rc1 Qd4+ 28.
Kh1 Rd7 29. Rd1 Rbd8 30. Rxd4 Rxd4 31. Rc8 Bh4 32. Rxd8+ Rxd8 33. Qc6 e5 34. Qe6+ Kf8 35. Qxe5 Bg3 36. Qf6+ Ke8 37. e5 Rd2 38. Bc6+ 1-0

[Event "Early-Titled-Tuesday-Blitz-June-18-2024"]
[Site "Chess.com"]
[Date "2024.06.18"]
[Round "10"]
[White "Boudicca64"]
[Black "SocoLoco"]
[Result "1-0"]
[WhiteElo "1885"]
[BlackElo "2159"]
[TimeControl "180+1"]
[EndTime "9:57:32 PDT"]
[Termination "Boudicca64 won by checkmate"]

1. e4 c5 2. g3 d5 3. exd5 Qxd5 4. Nf3 e6 5. Bg2 Nf6 6. O-O Be7 7. Re1 O-O 8. Ne5 Qd8 9. c3 Nfd7 10. d4 Nxe5 11.
dxe5 Qc7 12. Bf4 Nc6 13. Qg4 Kh8 14. Nd2 b6 15. Qh5 Bb7 16. Be4 g6 17. Qh6 Qd8 18. Nf3 Rg8 19. Rad1 Qf8 20. Rd7 Qxh6 21. Bxh6 Nxe5 22.
Rxb7 Nxf3+ 23. Bxf3 Bf8 24. Bf4 f6 25. Rf7 e5 26.
Rxf6 exf4 27. Bxa8 Bg7 28. Rf7 Rxa8 29. Ree7 Rg8 30. gxf4 a5 31. Kg2 h5 32. Re6 Kh7 33.
Rxb6 Re8 34. Rbb7 Rg8 35. Rxg7+ Kh6 36. Rxg8 h4 37. Rh8# 1-0

[Event "Early-Titled-Tuesday-Blitz-June-18-2024"]
[Site "Chess.com"]
[Date "2024.06.18"]
[Round "10"]
[White "pospisku"]
[Black "Nicolik"]
[Result "0-1"]
[WhiteElo "2540"]
[BlackElo "2648"]
[TimeControl "180+1"]
[EndTime "9:57:33 PDT"]
[Termination "Nicolik won by resignation"]

1. e4 c5 2. Nf3 Nc6 3. Bb5 g6 4. Bxc6 bxc6 5. d3 Bg7 6. O-O d6 7. Re1 e5 8. c3 Ne7 9. d4 cxd4 10. cxd4 exd4 11. Nxd4 h6 12. Nc3 O-O 13. Nb3 d5 14. Bf4 g5 15. Bg3 f5 16. exf5 Nxf5 17. Be5 Bxe5 18.
Rxe5 Qf6 19. Re2 Ba6 20. Rd2 Rae8 21. Nc5 Bc8 22. Qf1 Nd6 23. Re1 Nc4 24. Rde2 Rxe2 25. Qxe2 Bf5 26. N3a4 Rf7 27. b3 Nd6 28. f3 Nb5 29.
Qe8+ Kg7 30. Qb8 Qd4+ 31. Kh1 Nc3 32. h3 Nxa4 33. Nxa4 Qf2 34. Re8 Kg6 35. Rg8+ Kh5 36. Qe5 Bxh3 37. Qh2 Qf1+ 38. Qg1 Bxg2+ 39. Kh2 Rxf3 40.
Qxg2 Rf2 0-1

[Event "Early-Titled-Tuesday-Blitz-June-18-2024"]
[Site "Chess.com"]
[Date "2024.06.18"]
[Round "10"]
[White "NailBashirli"]
[Black "Korchmar_Vasiliy"]
[Result "1-0"]
[WhiteElo "2755"]
[BlackElo "2654"]
[TimeControl "180+1"]
[EndTime "9:57:34 PDT"]
[Termination "NailBashirli won on time"]

1. e4 e5 2. Nf3 Nf6 3. Nc3 Nc6 4.
Bb5 d6 5. O-O Bd7 6. d4 exd4 7.
Nxd4 g6 8. Bg5 h6 9. Bxf6 Qxf6 10. Nd5 Qd8 11. Nxc6 bxc6 12. Qd4 cxd5 13. Bxd7+ Qxd7 14. Qxh8 dxe4 15. Rfe1 d5 16. c4 O-O-O 17. cxd5 Bb4 18. Qd4 Bxe1 19. Rxe1 Qxd5 20. Qxa7 f5 21. g3 Qb7 22. Qa4 Qb6 23. Qa8+ Qb8 24. Qa6+ Qb7 25. Qxg6 Qb5 26. Qxh6 Kb7 27. Kg2 Qxb2 28. Qe6 Qb5 29. Re3 Rd3 30. Re2 Rc3 31. Rd2 Ka7 32. Qf6 Rc1 33. Kh3 Rc6 34.
Qd4+ Ka8 35. Kg2 Rd6 36. Qh8+ Kb7 37. Rc2 Rc6 38. Rb2 1-0

[Event "Early-Titled-Tuesday-Blitz-June-18-2024"]
[Site "Chess.com"]
[Date "2024.06.18"]
[Round "10"]
[White "Prizant_academy"]
[Black "luckyswitchback"]
[Result "1/2-1/2"]
[WhiteElo "2968"]
[BlackElo "2857"]
[TimeControl "180+1"]
[EndTime "9:57:35 PDT"]
[Termination "Game drawn by repetition"]

1. d4 d5 2. c4 e6 3. Nf3 Nf6 4. Qc2 c6 5. Nbd2 Nbd7 6. g3 Bd6 7. Bg2 O-O 8. O-O e5 9. cxd5 cxd5 10. dxe5 Nxe5 11.
Nxe5 Bxe5 12. Nf3 Bd6 13. Rd1 h6 14. Be3 Re8 15. Bd4 Ne4 16. Qb3 Be6 17. Qxb7 Nc5 18. Qb4 Rb8 19. Qc3 Ne4 20. Qd3 Qa5 21. Nd2 Bf5 22.
Nxe4 Bxe4 23. Bxe4 dxe4 24. Qc3 Bb4 25. Qe3 a6 26. a3 Bf8 27. Rac1 Qh5 28. b4 Qh3 29. Bc5 Re5 30. f4 exf3 31. Qxf3 Rbe8 32. Bxf8 Rxe2 33. Bc5 Qxh2+ 34. Kf1 R8e6 35. Bf2 Rxf2+ 36. Qxf2 Qh1+ 37. Qg1 Qf3+ 38. Qf2 Qh1+ 39. Qg1 Qf3+ 40. Qf2 Qh1+ 1/2-1/2

[Event "Early-Titled-Tuesday-Blitz-June-18-2024"]
[Site "Chess.com"]
[Date "2024.06.18"]
[Round "10"]
[White "slidingknight2775"]
[Black "Juicy_Fork"]
[Result "1-0"]
[WhiteElo "2699"]
[BlackElo "2450"]
[TimeControl "180+1"]
[EndTime "9:57:35 PDT"]
[Termination "slidingknight2775 won on time"]

1. d4 Nf6 2. c4 e6 3. Nc3 Bb4 4. e3 O-O 5. Bd3 d5 6. a3 Bxc3+ 7. bxc3 c5 8. cxd5 exd5 9. Ne2 Nc6 10. O-O Re8 11. f3 b6 12. Ng3 Bd7 13. Ra2 Qc7 14. Re2 Rac8 15. Bb2 Na5 16. e4 dxe4 17. fxe4 Bg4 18.
e5 Nd5 19. Nf5 cxd4 20. cxd4 Nc3 21. Bxc3 Qxc3 22. h3 Bxf5 23. Bxf5 Rcd8 24. e6 fxe6 25. Rxe6 Rf8 26. Qh5 Qxd4+ 27. Kh1 h6 28. Qg6 Rf6 29. Rxf6 Qxf6 30. Be6+ Kh8 31. Rxf6 Rd1+ 32. Kh2 Rd8 33. Qf7 Rb8 34. Rg6 Rb7 35. Qf8+ 1-0

[Event "Early-Titled-Tuesday-Blitz-June-18-2024"]
[Site "Chess.com"]
[Date "2024.06.18"]
[Round "10"]
[White "bubeliang"]
[Black "Bilan_Danila"]
[Result "1-0"]
[WhiteElo "2781"]
[BlackElo "2579"]
[TimeControl "180+1"]
[EndTime "9:57:35 PDT"]
[Termination "bubeliang won by resignation"]

1. d4 d5 2. Nc3 Nf6 3. Bf4 c5 4. e4 e6 5. exd5 Nxd5 6. Nxd5 Qxd5 7. dxc5 Qxd1+ 8. Rxd1 Bxc5 9. Nf3 Nc6 10. Bb5 Bd7 11. Bd6 Bxd6 12. Rxd6 Ke7 13. Rd2 Rhd8 14. Ke2 Be8 15.
Rhd1 f6 16. Bxc6 Bxc6 17. Rxd8 Rxd8 18. Rxd8 Kxd8 19. Nd4 Kd7 20. Nxc6 Kxc6 21. Kd3 e5 22. c4 a5 23. b3 f5 24. a3 g5 25. g4 fxg4 26. Ke4 Kc5 27. Kxe5 a4 28. bxa4 Kxc4 29.
Kf5 Kb3 30. Kxg5 Kxa3 31. Kxg4 Kxa4 32. f4 b5 33. f5 b4 34. f6 b3 35. f7 b2 36. f8=Q b1=Q 37. Qa8+ Kb3 38. Qb7+ Kc2 39. Qxh7+ Kb2 40. Qxb1+ Kxb1 41. h4 1-0

[Event "Early-Titled-Tuesday-Blitz-June-18-2024"]
[Site "Chess.com"]
[Date "2024.06.18"]
[Round "10"]
[White "Austen48"]
[Black "betta2004"]
[Result "0-1"]
[WhiteElo "2308"]
[BlackElo "2470"]
[TimeControl "180+1"]
[EndTime "9:57:35 PDT"]
[Termination "betta2004 won by resignation"]

1. d4 d5 2. c4 e6 3. Nc3 Nf6 4. cxd5 exd5 5. Bg5 c6 6. e3 Be7 7. Qc2 h6 8. Bh4 Nbd7 9. Bd3 Nh5 10. Bxe7 Qxe7 11. Nge2 Nb6 12. h3 g6 13. g4 Ng7 14. b3 Be6 15. O-O-O O-O-O 16. Kb1 Kb8 17. e4 dxe4 18. Nxe4 Bd5 19. f3 Ne6 20. Qb2 h5 21. Rc1 hxg4 22. hxg4 Bxe4 23. Bxe4 Ng5 24. Rxh8 Rxh8 25.
d5 Rc8 26. dxc6 Nxe4 27. fxe4 Qxe4+ 28. Ka1 Rxc6 29. Rxc6 bxc6 30. a4 Qxg4 31. Qe5+ Kb7 32. Nd4 Qd7 33. Qc5 Qd5 34. Qe7+ Nd7 35. Qb4+ Kc8 36.
Qc3 Nc5 37. Kb2 a5 38. Qh3+ Kb7 39. Qc3 Ne6 40. Nxe6 Qxe6 41. Qxa5 Qe2+ 42. Ka3 Qe7+ 43. Kb2 g5 44. Qf5 f6 45. a5 Qe5+ 46. Qxe5 fxe5 47.
b4 g4 48. Kc3 g3 49. Kd3 g2 50. Ke4 g1=Q 51. Kxe5 Ka6 0-1

[Event "Early-Titled-Tuesday-Blitz-June-18-2024"]
[Site "Chess.com"]
[Date "2024.06.18"]
[Round "10"]
[White "ThetNaung291"]
[Black "ilovejokes555"]
[Result "1-0"]
[WhiteElo "2448"]
[BlackElo "2233"]
[TimeControl "180+1"]
[EndTime "9:57:35 PDT"]
[Termination "ThetNaung291 won by resignation"]

1. d4 Nf6 2. c4 g6 3. Nc3 Bg7 4. Nf3 d6 5. e3 O-O 6. Be2 c5 7. O-O Na6 8. b3 Nc7 9. Bb2 a6 10. Rc1 Rb8 11. Qc2 b6 12. Rfd1 Bb7 13. d5 Ba8 14. e4 b5 15. Re1 b4 16. Nb1 a5 17.
Nbd2 Bb7 18. Bd3 Bc8 19. e5 Nfe8 20. Ne4 Bf5 21. Ng3 Bxd3 22. Qxd3 e6 23. dxe6 Nxe6 24. Rcd1 dxe5 25. Bxe5 Qxd3 26. Rxd3 Rc8 27. Ne4 Bxe5 28.
Nxe5 f6 29. Nd7 Rf7 30. Nb6 Rb8 31. Na4 Rc8 32. g3 f5 33. Nexc5 Nxc5 34. Nxc5 Rxc5 35.
Rxe8+ Kg7 36. f4 a4 37. Rb8 Re7 38. Kf2 axb3 39. axb3 Ra5 40. Rd2 Ra1 41. Rxb4 Ree1 42.
Rc2 Rf1+ 43. Ke3 Rad1 44. Rb7+ Kf6 45. Rb6+ Ke7 46. c5 Rfe1+ 47. Re2 Rf1 48. b4 Kd7 49. Rd2+ Rxd2 50. Kxd2 Rf2+ 51. Kd3 Rxh2 52. b5 Rg2 53. Rb7+ Kc8 54. c6 Rxg3+ 55. Kc4 Rf3 56. Rxh7 Rxf4+ 57. Kc5 Re4 58. Rh8+ 1-0

[Event "Early-Titled-Tuesday-Blitz-June-18-2024"]
[Site "Chess.com"]
[Date "2024.06.18"]
[Round "10"]
[White "HelenaWalker2912"]
[Black "Arteler"]
[Result "1/2-1/2"]
[WhiteElo "2395"]
[BlackElo "2212"]
[TimeControl "180+1"]
[EndTime "9:57:37 PDT"]
[Termination "Game drawn by repetition"]

1. d4 Nf6 2. c4 g6 3. Nc3 Bg7 4. e4 d6 5. h3 O-O 6. Be3 Nc6 7. Nge2 e5 8. d5 Ne7 9. g4 Ne8 10. Ng3 f5 11. gxf5 gxf5 12. exf5 Nxf5 13. Nxf5 Bxf5 14. Bd3 e4 15. Be2 Qf6 16. Qd2 Kh8 17. O-O-O a5 18. Rhg1 a4 19. a3 Bg6 20. h4 Qf7 21. Rg2 Nf6 22.
Rdg1 Rg8 23. Bd4 Raf8 24. h5 Bxh5 25. Bxh5 Qxh5 26. Qe3 Qf7 27. Nxe4 Nh5 28. Bxg7+ Rxg7 29. Rxg7 Nxg7 30. Ng5 Qg6 31. Nf3 Qf7 32. Nd4 Nf5 33.
Nxf5 Qxf5 34. Qd4+ Qf6 35. Qxf6+ Rxf6 36. Rg2 Rf3 37. Kc2 Rb3 38. Rg4 Rf3 39. Rg2 Rb3 40. Rh2 Rf3 41. Rg2 1/2-1/2